 Dungeon Crawl Stone Soup version 0.16-a0-3770-gc215ce9 (webtiles) character file.

1673 TIT the Martial Artist (level 9, 0/47 HPs)
             Began as a Tengu Arcane Marksman on Jan 24, 2015.
             Was an Initiate of Makhleb.
             Slain by Prince Ribbit (17 damage)
             ... on level 4 of the Dungeon.
             The game lasted 00:41:35 (11779 turns).

TIT the Martial Artist (Tengu Arcane Marksman)     Turns: 11779, Time: 00:41:35

Health: 0/47       AC:  3    Str: 12    XL:     9   Next: 1%
Magic:  14/14      EV: 15    Int: 14    God:    Makhleb [......]
Gold:   344        SH:  0    Dex: 16    Spells: 1 memorised, 9 levels left

rFire  + . .     SeeInvis +     b - +1 shortbow
rCold  . . .     Clarity  .     g - +0 robe {rF+}
rNeg   . . .     SustAb   .     (no shield)
rPois  .         Gourm    .     (helmet restricted)
rElec  .         Spirit   .     (no cloak)
rCorr  +         Warding  .     a - +0 pair of gloves (curse)
rMut   .         Stasis   .     (boots unavailable)
MR     .....                    y - amulet of resist corrosion
Stlth  +.........               (no ring)
                                j - ring of see invisible

@: not resistant to hostile enchantments, very unstealthy
A: able to fly, beak, talons 3
a: Fly, Renounce Religion


You were on level 4 of the Dungeon.
You worshipped Makhleb.
Makhleb was noncommittal.
You were not hungry.

You visited 1 branch of the dungeon, and saw 7 of its levels.

You collected 344 gold pieces.

Inventory:

Hand weapons
 b - a +1 shortbow (weapon)
 G - the +7 arbalest "TIT's Death" {elec, +Inv rF- MR+ Int+3 SInv}
   (You found it on level 7 of the Dungeon)

   It charges the ammunition it shoots with electricity; occasionally upon a
   hit, such missiles may discharge and cause terrible harm.
   It affects your intelligence (+3).
   It makes you vulnerable to fire.
   It affects your resistance to hostile enchantments.
   It enhances your eyesight.
   It lets you turn invisible.
Missiles
 c - 83 arrows
 e - 2 poisoned arrows (quivered)
 H - 36 bolts
Armour
 a - a cursed +0 pair of gloves (worn)
 g - a +0 robe of fire resistance (worn)
 E - a +2 ring mail of magic resistance
Jewellery
 j - a ring of see invisible (left hand)
 y - an amulet of resist corrosion (around neck)
Magical devices
 k - a wand of cold (4)
 u - a wand of random effects (20)
 B - a wand of teleportation (1)
Scrolls
 h - a scroll of enchant armour
 i - a scroll of noise {unknown}
 l - a scroll of magic mapping {unknown}
 m - 2 scrolls of recharging
 n - 2 scrolls of enchant weapon
 r - a scroll of remove curse
 t - a scroll of immolation {unknown}
 v - a scroll of amnesia {unknown}
 z - a scroll of fog {unknown}
Potions
 p - a potion of curing
 q - a potion of brilliance {unknown}
 w - a potion of restore abilities
 F - a potion of berserk rage {unknown}
Books
 d - a book of Debilitation

   Spells                             Type                      Level
   a - Corona                         Hexes                        1
   b - Slow                           Hexes                        2
   c - Inner Flame                    Hexes/Fire                   3
   d - Enslavement                    Hexes                        4
   e - Cause Fear                     Hexes                        4
   f - Leda's Liquefaction            Hexes/Earth                  4
 x - a book of Cantrips

   Spells                             Type                      Level
   a - Corona                         Hexes                        1
   b - Animate Skeleton               Necromancy                   1
   c - Summon Small Mammal            Summoning                    1
   d - Apportation                    Translocation                1
 A - a book of Minor Magic

   Spells                             Type                      Level
   a - Magic Dart                     Conjuration                  1
   b - Blink                          Translocation                2
   c - Call Imp                       Summoning                    2
   d - Repel Missiles                 Charms/Air                   2
   e - Slow                           Hexes                        2
   f - Conjure Flame                  Conjuration/Fire             3
   g - Mephitic Cloud                 Conjuration/Poison/Air       3
Comestibles
 f - 4 bread rations
 o - 2 meat rations
 s - 5 fruits
 C - a beef jerky
 D - 2 chunks of flesh


   Skills:
 - Level 1.0 Fighting
 - Level 5.0 Bows
 + Level 0.9 Crossbows
 - Level 5.0 Dodging
 - Level 10.1 Unarmed Combat
 - Level 1.0 Spellcasting
 - Level 2.1 Hexes


You had 9 spell levels left.
You knew the following spells:

 Your Spells              Type           Power        Failure   Level  Hunger
a - Corona                Hex            #......      14%         1    ##.....


Dungeon Overview and Level Annotations

Branches:
Dungeon (7/15)
 Temple: D:4-7

Altars:
Dithmenos
Gozag
Makhleb
Ru
Trog
The Shining One

Shops:
D:7 %

Annotations:
D:4 Dowan, Duvessa, Prince Ribbit


Innate Abilities, Weirdness & Mutations

You can fly.
You have a beak for a mouth.
You have claws for feet.


Message History

Press: ? - help, Shift-Dir - straight line, f/p - Prince Ribbit
Aim: Prince Ribbit (moderately wounded, poisoned)
You shoot a poisoned arrow.
The poisoned arrow misses Prince Ribbit.
Prince Ribbit barely misses you.
Firing (i - inventory. (,) - cycle):
e - 4 poisoned arrows (quivered)
Press: ? - help, Shift-Dir - straight line, f/p - Prince Ribbit
Aim: Prince Ribbit (moderately wounded, poisoned)
You shoot a poisoned arrow.
Prince Ribbit momentarily phases out as the poisoned arrow passes through him.
Prince Ribbit barely misses you.
Prince Ribbit lets out a mournful croak.
Prince Ribbit barely misses you.
Firing (i - inventory. (,) - cycle):
e - 3 poisoned arrows (quivered)
Press: ? - help, Shift-Dir - straight line, f/p - Prince Ribbit
Aim: Prince Ribbit (moderately wounded, poisoned)
You shoot a poisoned arrow.
The poisoned arrow completely misses Prince Ribbit.
Prince Ribbit hits you!
You die...

#.# ### # ### #.# #.. .. ..#
####.# #.# .### #.#
...#.#########.# ..# #.#
#...e.e...$.#.# #.# #.#
###.#######.#.# ###(###.#######
#.# #.....# #........(.....
####.#####...<.####.......#######
........<....)..@F......(...#
####.####......####....(.##.##
#e# #......# #....(.#...##
#.####....### ###.##..#.#.##
#.......### #.##.##.##.##
#.......##########!#..##....ยง.
#.####.##....................#
####.####.#.......#######.###...#
#.........#..###### # #.#..#


You could see Prince Ribbit.

Vanquished Creatures
  A hippogriff (D:7)
  A sky beast (D:5)
  An ogre (D:6)
  2 phantoms
  3 centaurs
  2 giant frogs
  Blork the orc (D:6)
  3 wights (D:6)
  2 crimson imps
  The ghost of Vidiiot the Chopper, a weakling GrBe of Trog (D:3)
  A goliath beetle (D:6)
  An orc priest (D:3)
  A giant frog skeleton (D:6)
  A centaur skeleton (D:4)
  2 orc wizards (D:5)
  3 worker ants
  Ijyb (D:6)
  Jessica (D:3)
  8 adders
  6 worms
  An adder zombie (D:5)
  An adder skeleton (D:5)
  3 giant geckos
  An ooze (D:1)
  13 orcs
  3 ball pythons
  2 bat skeletons
  4 giant cockroaches
  9 hobgoblins
  15 jackals
  6 quokkas
  14 bats
  A giant gecko zombie (D:5)
  5 giant newts
  12 goblins
  14 kobolds
  A quokka skeleton (D:3)
  12 rats
159 creatures vanquished.

Vanquished Creatures (others)
  An orc wizard (D:3)
1 creature vanquished.

Grand Total: 160 creatures vanquished

Notes
Turn   | Place    | Note
--------------------------------------------------------------
     0 | D:1      | TIT, the Tengu Arcane Marksman, began the quest for the Orb.
     0 | D:1      | Reached XP level 1. HP: 12/12 MP: 2/2
   265 | D:1      | Reached XP level 2. HP: 16/16 MP: 0/4
   304 | D:1      | Reached skill level 3 in Bows
  1288 | D:2      | Found a sacrificial altar of Ru.
  1332 | D:2      | Reached XP level 3. HP: 10/20 MP: 1/5
  1585 | D:2      | Reached skill level 4 in Bows
  1988 | D:2      | Reached XP level 4. HP: 20/25 MP: 4/6
  2753 | D:3      | Reached skill level 5 in Bows
  2968 | D:3      | Noticed Vidiiot's ghost (weakling GrBe)
  3118 | D:3      | Reached skill level 1 in Unarmed Combat
  3288 | D:3      | Reached XP level 5. HP: 11/29 MP: 4/9
  3512 | D:3      | Noticed Jessica
  3519 | D:3      | Killed Jessica
  3553 | D:3      | HP: 1/29 [orc priest/divine providence (11)]
  3559 | D:3      | HP: 1/29 [quokka (1)]
  4142 | D:3      | Killed Vidiiot's ghost
  4528 | D:3      | Reached XP level 6. HP: 19/34 MP: 10/10
  5490 | D:4      | Reached skill level 5 in Unarmed Combat
  5980 | D:4      | Noticed Prince Ribbit
  5987 | D:4      | Noticed Dowan
  5988 | D:4      | Noticed Duvessa
  6744 | D:5      | Entered Level 5 of the Dungeon
  6753 | D:5      | Reached skill level 6 in Unarmed Combat
  6753 | D:5      | Reached XP level 7. HP: 29/38 MP: 9/11
  7163 | D:5      | Reached skill level 7 in Unarmed Combat
  7863 | D:5      | Found an opulent altar of Gozag.
  8666 | D:5      | Reached XP level 8. HP: 30/43 MP: 5/13
  8804 | D:5      | Found a glowing golden altar of the Shining One.
  9393 | D:6      | Noticed Ijyb
  9416 | D:6      | Killed Ijyb
  9527 | D:6      | Reached skill level 5 in Dodging
  9658 | D:6      | Found a shadowy altar of Dithmenos.
  9667 | D:6      | Noticed Blork the orc
  9679 | D:6      | Killed Blork the orc
  9679 | D:6      | Reached skill level 8 in Unarmed Combat
 10156 | D:6      | Found a burning altar of Makhleb.
 10166 | D:6      | Became a worshipper of Makhleb the Destroyer
 10194 | D:6      | Reached skill level 9 in Unarmed Combat
 10802 | D:7      | Found Ygucy's Food Boutique.
 11360 | D:7      | Reached skill level 10 in Unarmed Combat
 11360 | D:7      | Reached XP level 9. HP: 25/47 MP: 10/14
 11368 | D:7      | Got an ebony arbalest
 11390 | D:7      | Found a bloodstained altar of Trog.
 11505 | D:7      | Identified the +7 arbalest "TIT's Death" {elec, +Inv rF- MR+ Int+3 SInv} (You found it on level 7 of the Dungeon)
 11779 | D:4      | Slain by Prince Ribbit

Action                   |  1- 3 |  4- 6 |  7- 9 || total
-------------------------+-------+-------+-------++-------
Melee: Unarmed           |     5 |    68 |   197 ||   270
 Fire: Shortbow          |   104 |   167 |   120 ||   391
 Cast: Corona            |    50 |    63 |    55 ||   168
 Abil: Fly               |       |     6 |     3 ||     9
Evoke: Wand              |       |       |     5 ||     5
  Use: Potion            |     1 |     5 |     1 ||     7
       Scroll            |       |     9 |     8 ||    17
 Stab: Sleeping          |       |     1 |       ||     1
  Eat: Chunk             |     5 |    15 |     9 ||    29
       Beef jerky        |       |     1 |       ||     1
       Pizza             |       |     1 |       ||     1
       Meat ration       |       |       |     1 ||     1
       Bread ration      |       |       |     1 ||     1
